 Dungeon Crawl Stone Soup version 0.20.1-1-g8b1a95d (webtiles) character file.

562 Linguinho the Ruffian (level 7, -13/67 HPs)
             Began as a Troll Monk on Nov 13, 2017.
             Mangled by Duvessa
             ... wielding a +2 short sword of draining
              (16 damage)
             ... on level 4 of the Dungeon.
             The game lasted 00:02:54 (2020 turns).

Linguinho the Ruffian (Troll Monk)                  Turns: 2020, Time: 00:02:55

Health: -13/67     AC:  5    Str: 20 (22) XL:     7   Next: 10%
Magic:  6/6        EV: 15    Int:  4 (6)  God:
Gold:   69         SH:  0    Dex: 16 (17) Spells: 6/6 levels left

rFire    . . .     SeeInvis .     - Unarmed
rCold    . . .     Gourm    +   (no shield)
rNeg     . . .     Faith    .   a - +0 robe
rPois    .         Spirit   .   (helmet restricted)
rElec    .         Reflect  .   (no cloak)
rCorr    .         Harm     .   (gloves unavailable)
MR       .....                  (boots unavailable)
Stlth    ++........             (no amulet)
Regen    0.7/turn               (no ring)
MPRegen  0.1/turn               (no ring)

@: agile, heavily drained
A: unfitting armour, claws 3, fast metabolism 3, gourmand, regeneration 1,
shaggy fur 1, tough skin 2
a: no special abilities


You were on level 4 of the Dungeon.
You were full.

You visited 1 branch of the dungeon, and saw 4 of its levels.

You collected 69 gold pieces.

Inventory:

Armour
 a - a +0 robe (worn)
Scrolls
 e - 3 scrolls of identify {unknown}
 f - 2 scrolls of teleportation {unknown}
Potions
 c - 2 potions of degeneration
 d - a potion of agility
 h - 2 potions of haste {unknown}
 i - 2 potions of brilliance {unknown}
 j - a potion of magic {unknown}
 k - 2 potions of curing {unknown}
 n - 2 potions of lignification {unknown}
Comestibles
 b - 5 bread rations
 g - a meat ration
 m - a fruit


   Skills:
 + Level 3.2(0.7) Fighting
 + Level 3.7(1.2) Dodging
 + Level 1.7(0.0) Stealth
 + Level 6.4(3.7) Unarmed Combat


You had 6 spell levels left.
You didn't know any spells.

Dungeon Overview and Level Annotations

Branches:
Dungeon (4/15)
 Temple: D:4-7

Altars:

Annotations:
D:4 Duvessa


Innate Abilities, Weirdness & Mutations

You are too large for most types of armour.
You have claws for hands.
Your metabolism is lightning-fast.
You like to eat raw meat.
Your natural rate of healing is unusually fast.
You are covered in fur. (AC +1)
You have very tough skin. (AC +2)


Message History

You feel weakened.
You feel dopey.
You feel clumsy.
Duvessa hits you with a short sword of draining.
* * * LOW HITPOINT WARNING * * *
You feel drained.
It was a potion of agility.
You feel agile all of a sudden. Duvessa misses you.
Duvessa hits you with a short sword of draining!
* * * LOW HITPOINT WARNING * * *
You feel drained.
Okay, then.
As you read the scroll labeled MEOMMO XEHI, it crumbles to dust.
It is a scroll of recharging.
You aren't carrying any rechargeable items.
Duvessa misses you.
As you read the scroll labeled ENATTUNUIMP, it crumbles to dust.
You hear a loud clanging noise!
It was a scroll of noise.
Duvessa hits you with a short sword of draining!
You die...

#######
#...e@+
#..)..#
#.....#
#.....#
#.....#
#......
#......
#.......


You could see Duvessa (berserk).

Vanquished Creatures
  Grinder (D:3)
  The ghost of Ymberto the Skirmisher, an amateur HOFi of Okawaru (D:3)
  Dowan (D:4)
  2 orc wizards (D:3)
  4 adders
  4 dart slugs
  2 leopard geckos
  5 orcs (D:3)
  10 bats
  A giant cockroach (D:3)
  7 goblins
  6 hobgoblins
  4 jackals (D:2)
  7 kobolds
  4 quokkas
  A ball python (D:3)
  4 frilled lizards
  10 rats
74 creatures vanquished.

Notes
Turn   | Place    | Note
-------+----------+-------------------------------------------
     0 | D:1      | Linguinho the Troll Monk began the quest for the Orb.
     0 | D:1      | Reached XP level 1. HP: 22/22 MP: 0/0
   178 | D:1      | Reached XP level 2. HP: 29/29 MP: 1/1
   650 | D:2      | Reached XP level 3. HP: 35/36 MP: 2/2
   955 | D:2      | Reached XP level 4. HP: 43/44 MP: 3/3
  1291 | D:3      | Reached skill level 4 in Unarmed Combat
  1319 | D:3      | Reached XP level 5. HP: 11/53 MP: 4/4
  1478 | D:3      | Noticed Grinder
  1493 | D:3      | Killed Grinder
  1493 | D:3      | Reached skill level 5 in Unarmed Combat
  1493 | D:3      | Reached XP level 6. HP: 30/61 MP: 5/5
  1715 | D:3      | Noticed Ymberto's ghost (amateur HOFi)
  1727 | D:3      | Killed Ymberto's ghost
  1727 | D:3      | Reached skill level 6 in Unarmed Combat
  2007 | D:4      | Noticed Duvessa
  2007 | D:4      | Noticed Dowan
  2010 | D:4      | Killed Dowan
  2010 | D:4      | Reached XP level 7. HP: 67/67 MP: 6/6
  2018 | D:4      | HP: 2/67 [Duvessa/short sword of draining (8)]
  2020 | D:4      | Mangled by Duvessa

Skill      XL: |  1  2  3  4  5  6 |
---------------+-------------------+-----
Fighting       | 3 |  3.2
Unarmed Combat | 4 5 6 |  6.4
Dodging        | 3 |  3.7
Stealth        | |  1.7

Action                   |  1- 3 |  4- 6 |  7- 9 || total
-------------------------+-------+-------+-------++-------
Melee: Unarmed           |   105 |   118 |     5 ||   228
       Punch             |     2 |       |       ||     2
  Use: Scroll            |       |       |     2 ||     2
       Potion            |       |       |     2 ||     2
 Stab: Sleeping          |     2 |     2 |       ||     4
  Eat: Chunk             |     9 |     8 |       ||    17
       Bread ration      |     1 |       |       ||     1
Armor: Robe              |    46 |    40 |     1 ||    87
Dodge: Dodged            |    66 |    58 |     4 ||   128
